[Event "36th Balaton IM 2018"]
[Site "Balatonlelle"]
[Date "2018.06.12"]
[Round "1"]
[White "Naumkin, Igor"]
[Black "Klaric, Zlatko"]
[Result "1/2-1/2"]
[ECO "D16"]
[WhiteElo "2383"]
[BlackElo "2397"]
[Annotator "ChessBase"]
[PlyCount "20"]
[EventDate "2018.06.12"]
[EventType "swiss"]
[EventCountry "HUN"]
[SourceTitle "playchess.com"]
[Source "ChessBase"]
[SourceQuality "1"]
[TimeControl "40/5400+30:1800+30"]

1. d4 d5 2. c4 c6 3. Nf3 Nf6 4. Nc3 dxc4 5. a4 Na6 6. e4 Bg4 7. Bxc4 e6 8. Be3 Nb4 9. Qd2 Bxf3 10. gxf3 Qa5 1/2-1/2

[Event "36th Balaton IM 2018"]
[Site "Balatonlelle"]
[Date "2018.06.12"]
[Round "1"]
[White "Nagy, Bence"]
[Black "Vegh, Endre"]
[Result "1-0"]
[ECO "B90"]
[WhiteElo "2354"]
[BlackElo "2260"]
[Annotator "ChessBase"]
[PlyCount "53"]
[EventDate "2018.06.12"]
[EventType "swiss"]
[EventCountry "HUN"]
[SourceTitle "playchess.com"]
[Source "ChessBase"]
[SourceQuality "1"]
[TimeControl "40/5400+30:1800+30"]

1. e4 c5 2. Nf3 d6 3. d4 cxd4 4. Nxd4 Nf6 5. Nc3 a6 6. a4 e6 7. a5 Nc6 8. Nxc6 bxc6 9. Bd3 d5 10. Bd2 Rb8 11. O-O Rxb2 12. Qe2 Be7 13. Bxa6 Rxc2 14. Bxc8 Qxc8 15. Rfb1 O-O 16. Qd3 Rxc3 17. Bxc3 Nxe4 18. Ra2 c5 19. a6 c4 20. Qe3 f5 21. a7 Bc5 22. Bd4 f4 23. Qxe4 dxe4 24. Bxc5 Rd8 25. Be7 Qb7 26. Raa1 Qxe7 27. Rb8 1-0

[Event "36th Balaton IM 2018"]
[Site "Balatonlelle"]
[Date "2018.06.12"]
[Round "1.2"]
[White "Moksh Amit Doshi"]
[Black "Gorti, Akshita"]
[Result "1-0"]
[ECO "D37"]
[WhiteElo "2203"]
[BlackElo "2258"]
[Annotator "ChessBase"]
[PlyCount "73"]
[EventDate "2018.06.12"]
[EventType "swiss"]
[EventCountry "HUN"]
[SourceTitle "playchess.com"]
[Source "ChessBase"]
[SourceQuality "1"]
[TimeControl "40/5400+30:1800+30"]

1. d4 e6 2. c4 d5 3. Nf3 a6 4. cxd5 exd5 5. Nc3 Nf6 6. Bg5 Be6 7. e3 Nbd7 8. Bd3 h6 9. Bh4 g5 10. Bg3 Nh5 11. Be5 Ng7 12. Bg3 Nh5 13. Nd2 Nxg3 14. hxg3 Bg7 15. f4 Nb6 16. f5 Bd7 17. Qf3 Qe7 18. O-O-O O-O-O 19. Nb3 Kb8 20. e4 dxe4 21. Bxe4 Bc8 22. Rhe1 Rhe8 23. Kb1 Qb4 24. f6 Bf8 25. g4 Nc4 26. Bd5 Rxe1 27. Rxe1 a5 28. Bxc4 Qxc4 29. Nxa5 Qb4 30. Re5 c5 31. Nb3 cxd4 32. Rb5 dxc3 33. Rxb4 Bxb4 34. bxc3 Bd6 35. Qe4 Be6 36. Nd4 Bc4 37. Nc6+ 1-0

[Event "36th Balaton IM 2018"]
[Site "Balatonlelle"]
[Date "2018.06.12"]
[Round "1.3"]
[White "McPhillips, Joseph"]
[Black "Gungl, Theo"]
[Result "1/2-1/2"]
[ECO "B50"]
[WhiteElo "2399"]
[BlackElo "2237"]
[Annotator "ChessBase"]
[PlyCount "161"]
[EventDate "2018.06.12"]
[EventType "swiss"]
[EventCountry "HUN"]
[SourceTitle "playchess.com"]
[Source "ChessBase"]
[SourceQuality "1"]
[TimeControl "40/5400+30:1800+30"]

1. e4 c5 2. Nf3 d6 3. c3 Nf6 4. h3 Nbd7 5. Bd3 b6 6. O-O Bb7 7. Re1 Qc7 8. Bc2 Rc8 9. d3 g6 10. Bg5 Bg7 11. Qc1 O-O 12. Bh6 e5 13. Qg5 Nh5 14. Na3 Rfe8 15. Bxg7 Nxg7 16. Qh6 Nf8 17. Bb3 Nge6 18. Nc2 Nf4 19. Ng5 d5 20. Ne3 Qd8 21. exd5 Bxd5 22. Nxd5 Nxd5 23. Ne4 Re6 24. Qg5 Kg7 25. Qg3 f6 26. Qf3 Rc7 27. h4 Rd7 28. g3 a6 29. a4 Rc6 30. Qg2 Ne7 31. Bc4 Ra7 32. Qf3 a5 33. Bb5 Re6 34. Nd2 Qa8 35. Qg4 Nf5 36. Nc4 Qb8 37. Rad1 Rae7 38. Qf3 Nd6 39. Ne3 Nxb5 40. axb5 f5 41. Kg2 Nd7 42. h5 e4 43. Qf4 Qxf4 44. gxf4 Nf6 45. hxg6 hxg6 46. Rh1 exd3 47. Rxd3 Re4 48. Kf3 Kf7 49. Rh8 Re8 50. Rxe8 Rxe8 51. Nc4 Re6 52. Ne5+ Kg7 53. Rd8 Ne4 54. Rd7+ Kg8 55. Rd8+ Kg7 56. Nc4 Nf6 57. Ne3 Kf7 58. Rd1 Re4 59. Rd6 Re6 60. Rd8 Ke7 61. Rb8 Nd7 62. Rh8 Nf6 63. Ra8 Kf7 64. Ra7+ Re7 65. Ra6 Re6 66. Nc4 Nd7 67. Ra8 Ke7 68. Rg8 Kf7 69. Rh8 Kg7 70. Rd8 Re7 71. Nd6 Kf6 72. Rc8 Re6 73. Nc4 Kf7 74. Ra8 Ke7 75. Rh8 Re4 76. Rh7+ Kd8 77. Nd6 Re7 78. Nb7+ Ke8 79. Nd6+ Kd8 80. Nb7+ Ke8 81. Nd6+ 1/2-1/2

[Event "36th Balaton IM 2018"]
[Site "Balatonlelle"]
[Date "2018.06.12"]
[Round "1.5"]
[White "Saber, Yasser"]
[Black "Urh, Zala"]
[Result "0-1"]
[ECO "E48"]
[WhiteElo "2266"]
[BlackElo "2248"]
[Annotator "ChessBase"]
[PlyCount "110"]
[EventDate "2018.06.12"]
[EventType "swiss"]
[EventCountry "HUN"]
[SourceTitle "playchess.com"]
[Source "ChessBase"]
[SourceQuality "1"]
[TimeControl "40/5400+30:1800+30"]

1. d4 Nf6 2. c4 e6 3. Nc3 Bb4 4. e3 O-O 5. Bd3 c5 6. Nge2 d5 7. O-O cxd4 8. exd4 dxc4 9. Bxc4 Nbd7 10. Bg5 h6 11. Bh4 Be7 12. Rc1 Nb6 13. Bb3 Nbd5 14. Nxd5 Nxd5 15. Bxe7 Nxe7 16. Qd3 Bd7 17. Rc5 Bc6 18. Nf4 Qd6 19. Re5 Rfd8 20. Rd1 Qxe5 21. dxe5 Rxd3 22. Rxd3 g5 23. Nh5 Ng6 24. Re3 Rd8 25. Nf6+ Kg7 26. Ne4 Rd4 27. Bc2 Rc4 28. Nc3 Nf4 29. g3 Nd5 30. Rd3 Nb4 31. Rd2 Rc5 32. f4 gxf4 33. gxf4 Rc4 34. f5 Rg4+ 35. Kf1 Rf4+ 36. Kg1 exf5 37. Bb3 Rf3 38. Bc4 Re3 39. a3 Na6 40. Bxa6 bxa6 41. Rd6 Bb5 42. Rd5 Bc4 43. Rc5 Re1+ 44. Kf2 Rf1+ 45. Kg2 Rf4 46. Nd5 Rd4 47. Nf6 Be6 48. Rc2 Kg6 49. Kf3 f4 50. Re2 Kf5 51. Kf2 Bc4 52. Re1 Rd2+ 53. Kg1 f3 54. Ne4 Rg2+ 55. Kh1 f2 0-1

[Event "36th Balaton IM 2018"]
[Site "Balatonlelle"]
[Date "2018.06.13"]
[Round "2.1"]
[White "Klaric, Zlatko"]
[Black "Urh, Zala"]
[Result "0-1"]
[ECO "D00"]
[WhiteElo "2397"]
[BlackElo "2248"]
[Annotator "ChessBase"]
[PlyCount "88"]
[EventDate "2018.06.12"]
[EventType "swiss"]
[EventCountry "HUN"]
[SourceTitle "playchess.com"]
[Source "ChessBase"]
[SourceQuality "1"]
[TimeControl "40/5400+30:1800+30"]

1. d4 Nf6 2. Bf4 d5 3. e3 c5 4. c3 g6 5. Bxb8 Rxb8 6. Bb5+ Bd7 7. Bxd7+ Qxd7 8. Nd2 b6 9. Ngf3 Bg7 10. Ne5 Qc7 11. Qa4+ b5 12. Qa3 c4 13. O-O O-O 14. f4 Ne8 15. e4 Nf6 16. Rae1 Rfe8 17. g3 a5 18. b4 axb4 19. Qxb4 dxe4 20. Nxe4 Nd5 21. Qb2 b4 22. cxb4 Rxb4 23. Qg2 c3 24. Ng5 Rxd4 25. Qh3 Nf6 26. Ngxf7 Qc5 27. Kh1 Qd5+ 28. Qg2 Rd2 29. Qxd5 Nxd5 30. Ng5 Rxa2 31. Rc1 c2 32. Rf2 Rc8 33. Ngf3 Nb4 34. Ne1 Bxe5 35. fxe5 Rb2 36. Kg2 Rb1 37. Nxc2 Rxc1 38. Nxb4 Re1 39. Nd3 Re3 40. Rf3 Rc2+ 41. Nf2 Rxe5 42. g4 Ree2 43. Kg3 e5 44. g5 Rxf2 0-1

[Event "36th Balaton IM 2018"]
[Site "Balatonlelle"]
[Date "2018.06.13"]
[Round "2.2"]
[White "Vegh, Endre"]
[Black "Saber, Yasser"]
[Result "1-0"]
[ECO "B09"]
[WhiteElo "2260"]
[BlackElo "2266"]
[Annotator "ChessBase"]
[PlyCount "83"]
[EventDate "2018.06.12"]
[EventType "swiss"]
[EventCountry "HUN"]
[SourceTitle "playchess.com"]
[Source "ChessBase"]
[SourceQuality "1"]
[TimeControl "40/5400+30:1800+30"]

1. d4 d6 2. e4 Nf6 3. Nc3 g6 4. f4 Bg7 5. Nf3 O-O 6. e5 dxe5 7. fxe5 Nd5 8. Bc4 Nb6 9. Bb3 Nc6 10. a4 a5 11. h3 Nb4 12. O-O Bd7 13. Ng5 Be8 14. Qg4 h5 15. Qe4 e6 16. Be3 Bc6 17. Nxf7 Bxe4 18. Nxd8 Bxc2 19. Bxe6+ Kh7 20. Rxf8 Bxf8 21. Nxb7 Re8 22. Bf7 Re7 23. e6 c6 24. Nxa5 Bh6 25. Bxh6 Kxh6 26. b3 Kg7 27. Na2 N4d5 28. Rc1 Be4 29. Nxc6 Rb7 30. a5 Nc8 31. b4 Nd6 32. a6 Rb6 33. a7 Nc7 34. Nd8 Ncb5 35. e7 Ra6 36. Nc3 Nxc3 37. Rxc3 Rxa7 38. e8=Q Nxe8 39. Bxe8 Ra2 40. Bc6 Rxg2+ 41. Kf1 Bxc6 42. Nxc6 1-0

[Event "36th Balaton IM 2018"]
[Site "Balatonlelle"]
[Date "2018.06.13"]
[Round "2.3"]
[White "Gungl, Theo"]
[Black "Nagy, Bence"]
[Result "0-1"]
[ECO "B94"]
[WhiteElo "2237"]
[BlackElo "2354"]
[Annotator "ChessBase"]
[PlyCount "69"]
[EventDate "2018.06.12"]
[EventType "swiss"]
[EventCountry "HUN"]
[SourceTitle "playchess.com"]
[Source "ChessBase"]
[SourceQuality "1"]
[TimeControl "40/5400+30:1800+30"]

1. e4 c5 2. Nf3 d6 3. d4 cxd4 4. Nxd4 Nf6 5. Nc3 a6 6. Bg5 Nbd7 7. Qe2 h6 8. Bh4 g6 9. f4 e5 10. O-O-O exd4 11. e5 dxc3 12. exf6+ Ne5 13. fxe5 Be6 14. Be1 cxb2+ 15. Kxb2 Qc7 16. Bc3 Rc8 17. Qe1 Qc5 18. exd6 Bxd6 19. Rxd6 Qxd6 20. Bd3 O-O 21. Qe3 Rxc3 22. Kxc3 Rc8+ 23. Kd2 Bf5 24. Rf1 Bxd3 25. Qxd3 Qxh2 26. Rf2 Qc7 27. Kc1 Qa5 28. Qd7 Rd8 29. Qe7 Qg5+ 30. Kb2 Qb5+ 31. Kc1 Re8 32. Qd6 Re1+ 33. Kd2 Qa5+ 34. c3 Re8 35. Qe5 0-1

[Event "36th Balaton IM 2018"]
[Site "Balatonlelle"]
[Date "2018.06.13"]
[Round "2.4"]
[White "Gorti, Akshita"]
[Black "McPhillips, Joseph"]
[Result "1/2-1/2"]
[ECO "A41"]
[WhiteElo "2258"]
[BlackElo "2399"]
[Annotator "ChessBase"]
[PlyCount "90"]
[EventDate "2018.06.12"]
[EventType "swiss"]
[EventCountry "HUN"]
[SourceTitle "playchess.com"]
[Source "ChessBase"]
[SourceQuality "1"]
[TimeControl "40/5400+30:1800+30"]

1. Nf3 d6 2. d4 Bg4 3. c4 Nd7 4. e4 e5 5. Be2 g6 6. Nc3 f6 7. O-O c6 8. h3 Bxf3 9. Bxf3 Bh6 10. Bxh6 Nxh6 11. Qd2 Nf7 12. Be2 a5 13. Rad1 Qc7 14. Kh1 Rd8 15. f4 exd4 16. Qxd4 Qb6 17. Qd2 Nc5 18. Qd4 Nd7 19. Qd2 O-O 20. Na4 Qb4 21. Qc2 Nc5 22. Nxc5 dxc5 23. Bg4 Rfe8 24. a3 Qb6 25. Rxd8 Qxd8 26. Rd1 Qe7 27. Qc3 Rd8 28. Rxd8+ Qxd8 29. Be6 Kg7 30. e5 Qd1+ 31. Kh2 Qd4 32. exf6+ Kxf6 33. Bxf7 Kxf7 34. Qxd4 cxd4 35. Kg3 c5 36. Kf3 a4 37. g4 Kf6 38. Ke4 Ke6 39. Kd3 Ke7 40. Ke2 Kd7 41. Kd3 Kc7 42. Kd2 Kc6 43. Kc2 Kc7 44. Kd2 Kc6 45. Kc2 Kc7 1/2-1/2

[Event "36th Balaton IM 2018"]
[Site "Balatonlelle"]
[Date "2018.06.13"]
[Round "2.5"]
[White "Naumkin, Igor"]
[Black "Moksh Amit Doshi"]
[Result "1/2-1/2"]
[ECO "D87"]
[WhiteElo "2383"]
[BlackElo "2203"]
[Annotator "ChessBase"]
[PlyCount "63"]
[EventDate "2018.06.12"]
[EventType "swiss"]
[EventCountry "HUN"]
[SourceTitle "playchess.com"]
[Source "ChessBase"]
[SourceQuality "1"]
[TimeControl "40/5400+30:1800+30"]

1. d4 Nf6 2. c4 g6 3. Nc3 d5 4. cxd5 Nxd5 5. e4 Nxc3 6. bxc3 Bg7 7. Bc4 c5 8. Ne2 Nc6 9. Be3 O-O 10. O-O Bg4 11. f3 Bd7 12. Rb1 Qc7 13. Qd2 Rad8 14. Rfc1 Bc8 15. Bh6 Na5 16. Bb3 e5 17. Bxg7 Kxg7 18. f4 Bg4 19. fxe5 Bxe2 20. Qxe2 cxd4 21. cxd4 Qb6 22. Qf2 Nxb3 23. Rxb3 Qxd4 24. Qxd4 Rxd4 25. Rxb7 Rxe4 26. Rxa7 Rxe5 27. a4 Re2 28. Rf1 Ra2 29. Rf2 Ra1+ 30. Rf1 Ra2 31. Rf2 Ra1+ 32. Rf1 1/2-1/2

[Event "36th Balaton IM 2018"]
[Site "Balatonlelle"]
[Date "2018.06.14"]
[Round "3"]
[White "Nagy, Bence"]
[Black "Gorti, Akshita"]
[Result "1-0"]
[ECO "C17"]
[WhiteElo "2354"]
[BlackElo "2258"]
[Annotator "NA"]
[PlyCount "77"]
[EventDate "2018.06.12"]
[EventType "swiss"]
[EventCountry "HUN"]
[SourceTitle "playchess.com"]
[Source "ChessBase"]
[SourceQuality "1"]
[TimeControl "40/5400+30:1800+30"]

1. e4 e6 2. d4 d5 3. Nc3 Bb4 4. e5 c5 5. a3 Ba5 6. b4 cxd4 7. Nb5 Bc7 8. f4 Ne7 9. Bd3 Bd7 10. Nxc7+ Qxc7 11. a4 Nbc6 12. Bd2 a5 13. b5 Nb4 14. Nf3 $14 Qc5 15. O-O h6 16. Kh1 Rc8 17. Qe2 O-O 18. g4 Rc7 19. Rg1 Rfc8 20. g5 h5 21. g6 fxg6 22. Bxb4 Qxb4 23. b6 Rc3 24. Qg2 Be8 25. Nh4 Qxb6 26. Nxg6 Nxg6 27. Bxg6 Qc7 28. Bd3 Qe7 29. Qf2 R8c7 30. Rg5 Ra3 31. Rag1 Qf8 32. Qh4 Rac3 33. f5 exf5 34. Rxf5 Qe7 35. Rfg5 Qf8 36. Qh3 R3c6 37. Rf1 Rf7 38. Bf5 Bd7 39. e6 1-0

[Event "36th Balaton IM 2018"]
[Site "Balatonlelle"]
[Date "2018.06.14"]
[Round "3"]
[White "Saber, Yasser"]
[Black "Gungl, Theo"]
[Result "1-0"]
[ECO "A04"]
[WhiteElo "2266"]
[BlackElo "2237"]
[Annotator "NA"]
[PlyCount "75"]
[EventDate "2018.06.12"]
[EventType "swiss"]
[EventCountry "HUN"]
[SourceTitle "playchess.com"]
[Source "ChessBase"]
[SourceQuality "1"]
[TimeControl "40/5400+30:1800+30"]

1. d3 g6 2. g3 Bg7 3. Bg2 e5 4. Nf3 Nc6 5. O-O Nge7 6. e4 O-O 7. Nc3 {[%emt 0:00:17] LiveBook: 5 Games} d6 8. Be3 Nd4 9. Ne2 Nxf3+ 10. Bxf3 h6 11. Bg2 Kh7 12. d4 $11 b6 13. f4 Ba6 14. Rf2 c5 15. c3 exd4 16. cxd4 Bb7 17. Nc3 f5 18. dxc5 dxc5 19. Rd2 Qe8 20. e5 Bxg2 21. Kxg2 Rd8 22. Rxd8 Qxd8 23. Qf3 Qb8 24. Rd1 Rd8 25. Rxd8 Qxd8 26. Qb7 Kg8 27. Kf2 Bf8 28. Qxa7 Nc6 29. Qb7 Nb4 30. a3 Nd3+ 31. Ke2 Nxb2 32. Nd5 Bg7 33. e6 Qe8 34. Qd7 Kf8 35. Nxb6 Bd4 36. Nc8 Nc4 37. e7+ Kf7 38. Qd5+ 1-0

[Event "36th Balaton IM 2018"]
[Site "Balatonlelle"]
[Date "2018.06.14"]
[Round "3"]
[White "Urh, Zala"]
[Black "Vegh, Endre"]
[Result "0-1"]
[ECO "B09"]
[WhiteElo "2248"]
[BlackElo "2260"]
[Annotator "NA"]
[PlyCount "58"]
[EventDate "2018.06.12"]
[EventType "swiss"]
[EventCountry "HUN"]
[SourceTitle "playchess.com"]
[Source "ChessBase"]
[SourceQuality "1"]
[TimeControl "40/5400+30:1800+30"]

1. e4 d6 2. d4 Nf6 3. Nc3 g6 4. f4 Bg7 5. Bd3 O-O 6. Nf3 Na6 7. e5 Nd7 8. Qe2 c5 9. dxc5 Naxc5 10. O-O dxe5 11. fxe5 Nxe5 12. Nxe5 Qd4+ 13. Be3 Qxe5 14. Bc4 Be6 15. Rae1 b6 16. Bxe6 Nxe6 17. Qg4 Qa5 18. Bd2 Rad8 19. Rd1 Qc5+ 20. Kh1 Qc6 21. Rf2 Rd4 22. Qe2 Rfd8 23. Qe3 Bf6 24. Qf3 Qxf3 25. gxf3 Bh4 26. Re2 R4d7 27. Nb1 Nd4 28. Re3 Bg5 29. Rd3 Nxc2 0-1

[Event "36th Balaton IM 2018"]
[Site "Balatonlelle"]
[Date "2018.06.14"]
[Round "3"]
[White "Moksh Amit Doshi"]
[Black "Klaric, Zlatko"]
[Result "1-0"]
[ECO "C61"]
[WhiteElo "2203"]
[BlackElo "2397"]
[Annotator "ChessBase"]
[PlyCount "97"]
[EventDate "2018.06.12"]
[EventType "swiss"]
[EventCountry "HUN"]
[SourceTitle "playchess.com"]
[Source "ChessBase"]
[SourceQuality "1"]
[TimeControl "40/5400+30:1800+30"]

1. e4 e5 2. Nf3 Nc6 3. Bb5 Nd4 4. Nxd4 exd4 5. O-O c6 6. Bc4 Nf6 7. d3 d6 8. Nd2 Be7 9. Nf3 Bg4 10. h3 Bxf3 11. Qxf3 O-O 12. Bb3 a5 13. a4 Nd7 14. c3 Nc5 15. Bc2 Bf6 16. Bd2 b5 17. e5 Bxe5 18. Qxc6 bxa4 19. Qd5 Qb6 20. Rfb1 Nb3 21. Bxb3 axb3 22. c4 a4 23. Ra3 Ra7 24. Rba1 Rfa8 25. Rxa4 h6 26. Qxa8+ Rxa8 27. Rxa8+ Kh7 28. R8a5 g5 29. Rb5 Qc6 30. Ra7 Qe8 31. Rxb3 Qe6 32. Rbb7 Kg6 33. Rxf7 Bf6 34. Kf1 Qf5 35. Ke2 Qe5+ 36. Kd1 Qf5 37. Kc2 Qxf2 38. b4 Qxg2 39. b5 d5 40. c5 Be5 41. c6 Bg3 42. Rae7 Qxh3 43. Rf3 Qh1 44. Rxg3 Qa1 45. Rb7 Qa4+ 46. Kb2 Qd1 47. Rg2 Qf3 48. c7 Qxg2 49. Kc2 1-0

[Event "36th Balaton IM 2018"]
[Site "Balatonlelle"]
[Date "2018.06.15"]
[Round "4"]
[White "Gorti, Akshita"]
[Black "Saber, Yasser"]
[Result "1-0"]
[ECO "A88"]
[WhiteElo "2258"]
[BlackElo "2266"]
[Annotator "NA"]
[PlyCount "99"]
[EventDate "2018.06.12"]
[EventType "swiss"]
[EventCountry "HUN"]
[SourceTitle "playchess.com"]
[Source "ChessBase"]
[SourceQuality "1"]
[TimeControl "40/5400+30:1800+30"]

1. d4 d6 2. Nf3 g6 3. c4 f5 4. Nc3 Nf6 5. g3 Bg7 6. Bg2 O-O 7. O-O c6 8. Rb1 a5 9. Qb3 Kh8 10. Rd1 Na6 11. Bg5 Ne4 12. Be3 Nf6 13. h3 Rb8 14. d5 cxd5 15. cxd5 b5 16. Nxb5 Bd7 17. a4 Ne4 18. Nfd4 Nac5 19. Qc4 Qe8 20. b3 Qf7 21. Na7 g5 22. Ndc6 f4 23. gxf4 gxf4 24. Bxc5 Nxc5 25. Nxb8 Rxb8 26. b4 Qg6 27. Kh1 Bf5 28. Nc6 Re8 29. Rbc1 axb4 30. Qxb4 Qh5 31. Kh2 Bf6 32. Qxf4 Ne4 33. Qf3 Qg6 34. Nd4 Be5+ 35. Kh1 Bxd4 36. Rxd4 Ng5 37. Qc3 Kg8 38. Rg1 Qh6 39. Bf1 Bg6 40. Qe3 Nf7 41. Qxh6 Nxh6 42. e4 Rc8 43. Bc4 Kf8 44. a5 Ng8 45. a6 Nf6 46. f3 Nd7 47. a7 Nb6 48. Rb1 Rc7 49. Rxb6 Rxa7 50. Ba6 1-0

[Event "36th Balaton IM 2018"]
[Site "Balatonlelle"]
[Date "2018.06.15"]
[Round "4"]
[White "Gungl, Theo"]
[Black "Urh, Zala"]
[Result "1-0"]
[ECO "C67"]
[WhiteElo "2237"]
[BlackElo "2248"]
[Annotator "NA"]
[PlyCount "61"]
[EventDate "2018.06.12"]
[EventType "swiss"]
[EventCountry "HUN"]
[SourceTitle "playchess.com"]
[Source "ChessBase"]
[SourceQuality "1"]
[TimeControl "40/5400+30:1800+30"]

1. e4 e5 2. Nf3 Nc6 3. Bb5 Nf6 4. O-O Nxe4 5. d4 Nd6 6. Bxc6 dxc6 7. dxe5 Nf5 8. Qxd8+ Kxd8 9. h3 h5 10. Nc3 Ke8 11. Bf4 Be6 12. Rad1 Bb4 13. a3 Be7 14. Ng5 Bc4 15. Rfe1 Rh6 16. Re4 Ba6 17. e6 Bxg5 18. exf7+ Kxf7 19. Bxg5 Rd6 20. Rde1 Rf8 21. Be7 Nxe7 22. Rxe7+ Kg6 23. Rxc7 Rd2 24. Re6+ Kf5 25. Re3 Rg8 26. Ne4 Rxc2 27. Ng3+ Kg6 28. Re6+ Kg5 29. f4+ Kxf4 30. Rf7+ Kg5 31. Ne4+ 1-0

[Event "36th Balaton IM 2018"]
[Site "Balatonlelle"]
[Date "2018.06.15"]
[Round "4"]
[White "Moksh Amit Doshi"]
[Black "McPhillips, Joseph"]
[Result "0-1"]
[ECO "B42"]
[WhiteElo "2203"]
[BlackElo "2399"]
[Annotator "NA"]
[PlyCount "62"]
[EventDate "2018.06.12"]
[EventType "swiss"]
[EventCountry "HUN"]
[SourceTitle "playchess.com"]
[Source "ChessBase"]
[SourceQuality "1"]
[TimeControl "40/5400+30:1800+30"]

1. d4 e6 2. Nf3 c5 3. e4 cxd4 4. Nxd4 a6 5. Bd3 Bc5 6. Nb3 Be7 7. Qg4 g6 8. Qe2 d6 9. Nc3 Nd7 10. Bd2 Qc7 11. f4 Ngf6 12. O-O b6 13. Rae1 Bb7 14. e5 Nd5 15. Ne4 dxe5 16. fxe5 O-O 17. c4 Nb4 18. Bb1 Rac8 19. Rf4 Qxe5 20. Bxb4 Bxb4 21. Nf6+ Kg7 22. Qxe5 Nxe5 23. Rxe5 Bd6 24. Ng4 f6 25. Rxe6 Bxf4 26. Rxb6 Rf7 27. Nd4 Bb8 28. Ne6+ Kh8 29. c5 f5 30. Ne3 Re7 31. Bd3 Ba7 0-1

[Event "36th Balaton IM 2018"]
[Site "Balatonlelle"]
[Date "2018.06.16"]
[Round "5"]
[White "McPhillips, Joseph"]
[Black "Klaric, Zlatko"]
[Result "1/2-1/2"]
[ECO "C60"]
[WhiteElo "2399"]
[BlackElo "2397"]
[Annotator "ChessBase"]
[PlyCount "138"]
[EventDate "2018.06.12"]
[EventType "swiss"]
[EventCountry "HUN"]
[SourceTitle "playchess.com"]
[Source "ChessBase"]
[SourceQuality "1"]
[TimeControl "40/5400+30:1800+30"]

1. e4 e5 2. Nf3 Nc6 3. Bb5 Nge7 4. c3 g6 5. d4 exd4 6. cxd4 d5 7. exd5 Nxd5 8. O-O Bg7 9. Bg5 Qd6 10. Qe2+ Be6 11. Nc3 Nxc3 12. bxc3 O-O 13. Qd2 Na5 14. Rfe1 c6 15. Bd3 Rfe8 16. Bh6 Nc4 17. Qg5 Bd5 18. Bxg7 Kxg7 19. Bxc4 Bxc4 20. Ne5 Be6 21. Qf4 Rad8 22. Qh4 f6 23. Nd3 Qa3 24. Nc5 Qxc3 25. Qf4 Bf7 26. Red1 g5 27. Qc7 Rxd4 28. Rdc1 Qb4 29. h3 Rd2 30. Rab1 Qd4 31. Qg3 Ree2 32. Rxb7 Qxf2+ 33. Qxf2 Rxf2 34. Ne6+ Kg8 35. Rb8+ Be8 36. Nc7 Rxg2+ 37. Kh1 Rh2+ 38. Kg1 Rdg2+ 39. Kf1 Rxa2 40. Kg1 Rhg2+ 41. Kh1 Rh2+ 42. Kg1 Rag2+ 43. Kf1 Rd2 44. Kg1 Kf7 45. Rxe8 Rdg2+ 46. Kf1 Rc2 47. Rxc2 Rxc2 48. Re3 a5 49. Re4 Ra2 50. Rc4 a4 51. Rxc6 a3 52. Nd5 Rd2 53. Rxf6+ Kg7 54. Ra6 Rxd5 55. Rxa3 Kg6 56. Ra4 Rd2 57. h4 h6 58. hxg5 hxg5 59. Kg1 Kh5 60. Ra3 Kh4 61. Rb3 g4 62. Ra3 Re2 63. Rb3 Kg5 64. Ra3 Kf4 65. Rb3 Re3 66. Rxe3 Kxe3 67. Kg2 Kf4 68. Kf2 g3+ 69. Kg2 Kg4 1/2-1/2

[Event "36th Balaton IM 2018"]
[Site "Balatonlelle"]
[Date "2018.06.16"]
[Round "5"]
[White "Erturan, Yakup"]
[Black "Koksal, Ege"]
[Result "1/2-1/2"]
[ECO "C67"]
[WhiteElo "2384"]
[BlackElo "2356"]
[Annotator "NA"]
[PlyCount "23"]
[EventDate "2018.06.12"]
[EventType "swiss"]
[EventCountry "HUN"]
[SourceTitle "playchess.com"]
[Source "ChessBase"]
[SourceQuality "1"]
[TimeControl "40/5400+30:1800+30"]

1. e4 e5 2. Nf3 Nc6 3. Bb5 Nf6 4. O-O Nxe4 5. Re1 d5 6. d4 exd4 7. Nxd4 Bd6 8. Nxc6 Bxh2+ 9. Kxh2 Qh4+ 10. Kg1 Qxf2+ 11. Kh2 Qg3+ 12. Kg1 1/2-1/2

[Event "36th Balaton IM 2018"]
[Site "Balatonlelle"]
[Date "2018.06.16"]
[Round "5"]
[White "Nagy, Bence"]
[Black "Moksh Amit Doshi"]
[Result "1-0"]
[ECO "C95"]
[WhiteElo "2354"]
[BlackElo "2203"]
[Annotator "NA"]
[PlyCount "77"]
[EventDate "2018.06.12"]
[EventType "swiss"]
[EventCountry "HUN"]
[SourceTitle "playchess.com"]
[Source "ChessBase"]
[SourceQuality "1"]
[TimeControl "40/5400+30:1800+30"]

1. e4 e5 2. Nf3 Nc6 3. Bb5 a6 4. Ba4 Nf6 5. O-O Be7 6. Re1 b5 7. Bb3 d6 8. c3 O-O 9. h3 Nb8 10. d4 Nbd7 11. Nbd2 Bb7 12. Bc2 Re8 13. Nf1 Bf8 14. Bg5 h6 15. Bh4 Qc8 16. dxe5 dxe5 17. N3d2 a5 18. Ne3 Ra6 19. a4 b4 20. Bd3 Ra7 21. Qf3 Nc5 22. Bc4 Ncxe4 23. Ng4 Nd6 24. Nxf6+ gxf6 25. Qg3+ Kh7 26. Bxf6 Nxc4 27. Qd3+ e4 28. Nxe4 Rxe4 29. Rxe4 Qf5 30. Qxc4 Qxf6 31. Rf4 Qg6 32. Rg4 Qf6 33. Re1 Ra6 34. Re8 Ra8 35. Rf4 Qg6 36. Rxf7+ Bg7 37. Rxg7+ Qxg7 38. Qd3+ Qg6 39. Re7+ 1-0

[Event "36th Balaton IM 2018"]
[Site "Balatonlelle"]
[Date "2018.06.16"]
[Round "5"]
[White "Saber, Yasser"]
[Black "Naumkin, Igor"]
[Result "1-0"]
[ECO "A07"]
[WhiteElo "2266"]
[BlackElo "2383"]
[Annotator "NA"]
[PlyCount "91"]
[EventDate "2018.06.12"]
[EventType "swiss"]
[EventCountry "HUN"]
[SourceTitle "playchess.com"]
[Source "ChessBase"]
[SourceQuality "1"]
[TimeControl "40/5400+30:1800+30"]

1. d3 e5 2. Nf3 Nc6 3. g3 d5 4. Bg2 Nf6 5. O-O Be7 6. a3 a5 7. Nc3 d4 8. Nb5 O-O 9. e3 dxe3 10. Bxe3 Bg4 11. h3 Bh5 12. g4 Bg6 13. Nh4 Qd7 14. Nxg6 hxg6 15. d4 exd4 16. Nxd4 Nxd4 17. Qxd4 Qc8 18. Rad1 Rd8 19. Qc4 c6 20. Bb6 Rxd1 21. Rxd1 Nd7 22. Be3 Bf6 23. c3 g5 24. Qe4 Nf8 25. h4 Ne6 26. h5 Nf4 27. Bf3 Nd5 28. Bc1 Qf8 29. Qf5 Ne7 30. Qd7 Qb8 31. Be3 Kh8 32. Kg2 a4 33. Bd4 Qf4 34. Re1 Ng8 35. Re4 Qd2 36. Qxf7 Bxd4 37. Rxd4 Qxb2 38. Be4 Qb3 39. Qg6 Nf6 40. h6 Qg8 41. Bf5 Rf8 42. Rd6 Re8 43. Rxf6 Qd5+ 44. Kh2 Qe5+ 45. Kh3 Qxc3+ 46. Kg2 1-0

[Event "36th Balaton IM 2018"]
[Site "Balatonlelle"]
[Date "2018.06.16"]
[Round "5"]
[White "Vegh, Endre"]
[Black "Gungl, Theo"]
[Result "1/2-1/2"]
[ECO "D10"]
[WhiteElo "2260"]
[BlackElo "2237"]
[Annotator "NA"]
[PlyCount "83"]
[EventDate "2018.06.12"]
[EventType "swiss"]
[EventCountry "HUN"]
[SourceTitle "playchess.com"]
[Source "ChessBase"]
[SourceQuality "1"]
[TimeControl "40/5400+30:1800+30"]

1. d4 d5 2. c4 c6 3. cxd5 cxd5 4. Bf4 Nc6 5. e3 Nf6 6. Nc3 a6 7. Be2 Bf5 8. g4 Be6 9. g5 Nd7 10. h4 Nb6 11. Nf3 Bg4 12. Ne5 Bxe2 13. Qxe2 Rc8 14. Nd3 e6 15. Nc5 Bxc5 16. dxc5 Nd7 17. Bd6 Qa5 18. a3 Nxc5 19. O-O Nb3 20. Rad1 Rd8 21. Bg3 O-O 22. Qc2 Qb6 23. Na4 Qb5 24. Nc3 Qc4 25. Qd3 b5 26. e4 Qxd3 27. Rxd3 d4 28. Nxb5 Nc5 29. Rdd1 axb5 30. Rc1 Nxe4 31. Rxc6 Nxg3 32. fxg3 Rd5 33. Kf2 d3 34. Rd1 Rfd8 35. Rd2 g6 36. Rc3 h6 37. gxh6 Kh7 38. Ke3 Re5+ 39. Kf3 Red5 40. Ke3 Re5+ 41. Kf3 Red5 42. Ke4 1/2-1/2